 Dungeon Crawl Stone Soup version 0.26.1-11-gd32895ea62 (webtiles) character file.

Game seed: 11281148671628372744

2178 Tirrikindir the Carver (level 9, -5/59 HPs)
             Began as an Octopode Fighter on May 24, 2021.
             Slain by a two-headed ogre
             ... wielding a +0 giant club
              (12 damage)
             ... on level 6 of the Dungeon.
             The game lasted 00:17:31 (7011 turns).

Tirrikindir the Carver (Octopode Fighter)           Turns: 7011, Time: 00:17:32

Health: -5/59      AC:  3    Str: 18    XL:     9   Next: 33%
Magic:  9/9        EV: 14    Int: 10    God:
Gold:   238        SH: 11    Dex: 14    Spells: 8/8 levels left

rFire    + . .     SeeInvis .   w - +4 long sword
rCold    . . .     Faith    .   b - +1 kite shield
rNeg     . . .     Spirit   .   (helmet restricted)
rPois    +         Reflect  .   u - amulet of the acrobat
rElec    .         Harm     .   n - ring of protection from fire
rCorr    .         Rampage  .   e - ring of poison resistance
Will     .....                  (no ring)
Stlth    ++++......             (no ring)
HPRegen  0.19/turn              (no ring)
MPRegen  0.11/turn              (no ring)
                                (no ring)
                                (no ring)

@: no status effects
A: almost no armour, stealthy swim, amphibious, 8 rings, constrict 8, tentacle
spike 1, yellow scales 1, camouflage 1, agile 1, blink, gelatinous body 1
a: Blink


You were on level 6 of the Dungeon.
You visited 1 branch of the dungeon, and saw 6 of its levels.
You also visited: Sewer.

You collected 343 gold pieces.
You spent 105 gold pieces at shops.

Inventory:

Hand Weapons
 i - a +0 rapier
 w - a +4 long sword (weapon)
Missiles
 g - 27 poisoned darts (quivered)
Armour
 b - a +1 kite shield (worn)
Jewellery
 e - a ring of poison resistance (right tentacle)
 n - a ring of protection from fire (left tentacle)
 u - an amulet of the acrobat (around mantle)
Wands
 k - a wand of enslavement (5)
 q - a wand of acid (6)
 s - a wand of iceblast (13)
Scrolls
 a - a scroll of fear
 j - 5 scrolls of remove curse
 l - 6 scrolls of teleportation
 o - 4 scrolls of fog
 v - a scroll of magic mapping
Potions
 c - 2 potions of might
 d - 4 potions of curing
 f - a potion of ambrosia
 h - 3 potions of flight
 m - a potion of invisibility
 p - a potion of heal wounds {unknown}
 r - a potion of brilliance {unknown}
 t - 4 potions of haste {unknown}


   Skills:
 + Level 4.6 Fighting
 * Level 8.7 Long Blades
 * Level 5.2 Dodging
 + Level 5.2 Stealth
 * Level 5.2 Shields
 + Level 3.1 Evocations


You had 8 spell levels left.
You didn't know any spells.
Your spell library was empty.

Dungeon Overview and Level Annotations

Branches:
Dungeon (6/15)              Sewer (visited)
 Temple: D:4-7

Altars:
Elyvilon
Makhleb

Shops:
D:5 ?


Innate Abilities, Weirdness & Mutations

You cannot wear most types of armour.
You are very stealthy in the water. (Stealth+)
You are amphibious.
You can wear up to eight rings at the same time.
You can use your tentacles to constrict eight enemies at once.
Your skin changes colour to match your surroundings (Stealth+).
Your rubbery body absorbs attacks. (AC +1, EV +1)
One of your tentacles bears a spike.
You are partially covered in yellow scales. (AC +2)
You are agile. (Dex +2)
You can translocate small distances at will.


Message History

You squeeze the two-headed ogre.
The two-headed ogre is lightly wounded.
The two-headed ogre barely misses you.
You riposte.
You hit the two-headed ogre.
You pierce the two-headed ogre, but do no damage.
The two-headed ogre is lightly wounded.
You block the two-headed ogre's attack.
Aiming: Corrosive Bolt
Press: ? - help, Shift-Dir - straight line, f - two-headed ogre
Aim: a two-headed ogre, wielding a +0 giant club and a +0 giant spiked club (lightly wounded, 12% to evade)
The bolt of acid hits the two-headed ogre!
The two-headed ogre is splashed with acid.
The acid corrodes the two-headed ogre!
The two-headed ogre is moderately wounded.
The two-headed ogre hits you with a +0 giant club!!
* * * LOW HITPOINT WARNING * * *
You block the two-headed ogre's attack.
You feel better.
The two-headed ogre hits you with a +0 giant club!
You die...

.#.##....####.......)...###
#.#.........#...............
.#.########.#...........####
#.#.........#...........#
.#.#........#...#'#######
#.#.####........#.########
.#.#.....##..<###.........
#.#....########O#############
.#.##'##≈([≈. #.@# #........#
#.#.#.#≈≈$... +#.# #.######.#
###.#.#;.≈P.. #≈# #.#....#.#
###.#.#;≈.PP. #≈###.#.##.#.#..#
.##.#≈##;≈?P. #≈≈##.#.<#.#.#.[#
.##.##≈##########.##.#..#.#.#..#
.##..##≈##≈[.P. #..#.#..#.#.#..#
.###..#≈#≈;≈≈P. +#.#.#..#.#.#..#
.# #..#.#;[≈P.. #≈#.#..#>#.#..#


You could see a two-headed ogre (corroded).

Vanquished Creatures
  Maggie (D:6)
  Sigmund (D:3)
  A black bear (D:6)
  An ice beast (D:6)
  An ogre (D:5)
  3 centaurs
  4 big kobolds (Sewer)
  2 bullfrogs
  5 wights (D:6)
  A bullfrog zombie (D:5)
  A bullfrog skeleton (D:4)
  An orc priest (D:4)
  Crazy Yiuf (D:3)
  Terence (D:3)
  3 orc wizards (D:4)
  5 worker ants
  11 adders
  A river rat (Sewer)
  A shadow imp (D:6)
  An ufetubus (D:6)
  5 oozes
  An adder zombie (D:5)
  7 worms
  4 dart slugs
  5 leopard geckos
  14 orcs
  4 giant cockroaches
  6 goblins
  11 hobgoblins
  8 jackals
  21 kobolds
  A quokka (D:2)
  3 ball pythons
  8 bats
  10 frilled lizards
  12 rats
166 creatures vanquished.

Notes
Turn   | Place    | Note
-------+----------+-------------------------------------------
     0 | D:1      | Tirrikindir the Octopode Fighter began the quest for the
                  | Orb.
     0 | D:1      | Reached XP level 1. HP: 16/16 MP: 1/1
   104 | D:1      | Reached XP level 2. HP: 21/21 MP: 2/2
   190 | D:1      | Reached skill level 1 in Stealth
   318 | D:1      | Reached XP level 3. HP: 23/26 MP: 3/3
   890 | D:2      | Noticed a bullfrog
   896 | D:2      | Killed a bullfrog
   897 | D:2      | Reached skill level 3 in Long Blades
   897 | D:2      | Reached XP level 4. HP: 13/31 MP: 4/4
  1215 | D:2      | Reached XP level 5. HP: 36/36 MP: 5/5
  2562 | D:2      | Found a white marble altar of Elyvilon.
  2564 | D:2      | Found a burning altar of Makhleb.
  2662 | D:3      | Noticed Terence
  2672 | D:3      | Killed Terence
  2703 | D:3      | Found a runed translucent door.
  2704 | D:3      | Noticed Crazy Yiuf
  2709 | D:3      | Killed Crazy Yiuf
  2710 | D:3      | Reached skill level 1 in Evocations
  2710 | D:3      | Reached XP level 6. HP: 26/43 MP: 6/6
  2802 | D:3      | Noticed Sigmund
  2808 | D:3      | Killed Sigmund
  2809 | D:3      | Reached skill level 4 in Long Blades
  2961 | D:3      | Found a glowing drain.
  2977 | D:3      | Reached XP level 7. HP: 48/48 MP: 7/7
  2991 | Sewer    | Entered a sewer
  3257 | Sewer    | Reached skill level 5 in Long Blades
  3367 | Sewer    | Reached skill level 6 in Long Blades
  4329 | D:4      | Reached XP level 8. HP: 35/54 MP: 8/8
  4455 | D:4      | Reached skill level 7 in Long Blades
  5028 | D:5      | Entered Level 5 of the Dungeon
  5251 | D:5      | Found Uvvow's Magic Scroll Emporium.
  5257 | D:5      | Bought a scroll of magic mapping for 49 gold pieces
  5257 | D:5      | Bought a scroll of identify for 28 gold pieces
  5257 | D:5      | Bought a scroll of identify for 28 gold pieces
  5260 | D:5      | Gained mutation: You can translocate small distances at
                  | will. [potion of mutation]
  5260 | D:5      | Gained mutation: You are agile. (Dex +2) [potion of
                  | mutation]
  5260 | D:5      | Gained mutation: You are partially covered in yellow
                  | scales. (AC +2) [potion of mutation]
  5260 | D:5      | Gained mutation: One of your tentacles bears a spike.
                  | [potion of mutation]
  5410 | D:5      | Reached skill level 8 in Long Blades
  6199 | D:6      | Noticed Maggie
  6211 | D:6      | Killed Maggie
  6212 | D:6      | Reached XP level 9. HP: 17/59 MP: 9/9
  6639 | D:6      | Reached skill level 5 in Dodging
  6639 | D:6      | Reached skill level 5 in Stealth
  6639 | D:6      | Reached skill level 5 in Shields
  6999 | D:6      | Noticed a two-headed ogre
  7010 | D:6      | HP: 2/59 [two-headed ogre/+0 giant club (27)]
  7011 | D:6      | Slain by a two-headed ogre

Illustrated notes

Levels and vault maps discovered:
D:1:      dpeg_arrival_chambers_temple_mockup, layout_loops_cross,
          minmay_split_cup_large
D:2:      layout_basic, gammafunk_temple_overflow_statue,
          chequers_serial_rivers_micro_e
D:3:      layout_loops_cross, cheibrodos_sewer_entry_sluice,
          uniq_crazy_yiuf_cottage, uniq_sigmund, uniq_terence
D:4:      layout_rooms
D:5:      layout_gridville, serial_shops, shop
D:6:      cheibrodos_two_vegetables, layout_basic, uniq_maggie

Skill      XL: |  1  2  3  4  5  6  7  8  9 |
---------------+----------------------------+-----
Stealth        | 1 2 3 4 5 |  5.2
Long Blades    | 3 4 6 8 |  8.7
Evocations     | 1 2 3 |  3.1
Shields        | 4 5 |  5.2
Fighting       | 4 |  4.6
Dodging        | 4 5 |  5.2

Action                   |  1- 3 |  4- 6 |  7- 9 || total
-------------------------+-------+-------+-------++-------
Melee: Long sword        |    54 |    89 |   157 ||   300
       Constrict         |    19 |    27 |    40 ||    86
       Tentacles         |    11 |    13 |    36 ||    60
       Kick              |       |       |    24 ||    24
Evoke: Wand              |       |       |     1 ||     1
  Use: Scroll            |     2 |     5 |    11 ||    18
       Potion            |       |     1 |     2 ||     3
 Stab: Sleeping          |     7 |    11 |    29 ||    47
Armor: Skin              |     2 |     3 |     6 ||    11
Dodge: Dodged            |    25 |    35 |    60 ||   120
Block: Kite shield       |    18 |    29 |    58 ||   105
       Rpst.: Long sword |     6 |    17 |    21 ||    44
